 Dungeon Crawl Stone Soup version 0.27.1-4-g1640c2035a (webtiles) character file.

Game seed: 2081659665284270364

106 AarnesTheHuman the Chiller (level 4, -7/33 HPs)
             Began as a Merfolk Ice Elementalist on Nov 2, 2021.
             Was an Initiate of Wu Jian.
             Mangled by Edmund (8 damage)
             ... on level 4 of the Dungeon.
             The game lasted 00:07:02 (2354 turns).

AarnesTheHuman the Chiller (MfIE)                   Turns: 2354, Time: 00:07:02

Health: -7/33      AC:  2    Str:  8    XL:     4   Next: 84%
Magic:  0/7        EV: 13    Int: 15    God:    Wu Jian [......]
Gold:   114        SH:  0    Dex: 14    Spells: 7/8 levels left

rFire    + . .     SeeInvis .   c - +0 dagger
rCold    + . .     Faith    .   (no shield)
rNeg     . . .     Spirit   .   a - +0 robe
rPois    .         Reflect  .   (no helmet)
rElec    .         Harm     .   h - scarf {rC+ rF+}
rCorr    .         Rampage  .   (no gloves)
Will     .....                  (no boots)
Stlth    ++........             (no amulet)
HPRegen  0.11/turn              (no ring)
MPRegen  0.10/turn              (no ring)

@: no status effects
A: (nimble swimmer 2), mertail
a: Renounce Religion


You were on level 4 of the Dungeon.
You worshipped Wu Jian.
Wu Jian was noncommittal.
You visited 2 branches of the dungeon, and saw 4 of its levels.

You collected 114 gold pieces.

Inventory:

Hand Weapons
 b - a +0 short sword
 c - a +0 dagger (weapon)
Missiles
 f - 5 boomerangs of dispersal
Armour
 a - a +0 robe (worn)
 h - a scarf of resistance (worn)
Scrolls
 e - a scroll of teleportation {unknown}
 g - a scroll of enchant armour {unknown}
 j - a scroll of fear {unknown}
Potions
 d - a potion of magic {unknown}
 i - a potion of heal wounds {unknown}


   Skills:
 + Level 1.8 Fighting
 + Level 3.7 Dodging
 - Level 2.1 Stealth
 + Level 2.6 Spellcasting
 * Level 5.4 Ice Magic


You had 7 spell levels left.
You knew the following spells:

 Your Spells              Type           Power      Damage    Failure   Level
a - Freeze                Ice            72%        1d9       2%          1

Your spell library contained the following spells:

 Spells                   Type           Power      Damage    Failure   Level
 Frozen Ramparts          Ice            36%        1d5       7%          3
 Ozocubu's Armour         Ice            18%        N/A       7%          3
 Magic Dart               Conj           4%         1d3       22%         1
 Call Imp                 Summ           1%         N/A       32%         2
 Slow                     Hex            1%         N/A       32%         2
 Confusing Touch          Hex            1%         N/A       54%         3
 Mephitic Cloud           Conj/Pois/Air  1%         N/A       54%         3
 Vampiric Draining        Necr           0%         2d6       54%         3
 Hailstorm                Conj/Ice       10%        3d5       56%         4


Dungeon Overview and Level Annotations

Branches:
Dungeon (4/15)             Temple (1/1) D:4

Altars:
Ashenzari
Dithmenos
Fedhas
Gozag
Hepliaklqana
Kikubaaqudgha
Okawaru
Qazlal
Uskayaw
Vehumet
Wu Jian
Xom
The Shining One

Shops:
D:1 [[?*

Annotations:
D:4 Edmund


Innate Abilities, Weirdness & Mutations

((You are quick and stealthy near water. (Stealth+, EV+, Speed+++)))
Your lower body shifts to a powerful aquatic tail in water.


Message History

Casting: Freeze (safe; 2% risk of failure)
Confirm with . or Enter, or press ? or * to list all spells.
Aiming: Freeze (safe; 2% risk of failure)
Press: ? - help, Shift-Dir - straight line, f/p - Edmund
Aim: Edmund, wielding a +2 flail of protection and wearing a +4 scale mail of poison resistance (severely wounded)
You freeze Edmund.
Edmund is severely wounded.
Edmund hits you with a +2 flail of protection.
Casting: Freeze (safe; 2% risk of failure)
Confirm with . or Enter, or press ? or * to list all spells.
Aiming: Freeze (safe; 2% risk of failure)
Press: ? - help, Shift-Dir - straight line, f/p - Edmund
Aim: Edmund, wielding a +2 flail of protection and wearing a +4 scale mail of poison resistance (severely wounded)
You freeze Edmund.
Edmund is severely wounded.
Edmund barely misses you.
You closely miss Edmund.
Edmund is severely wounded.
Edmund hits you but does no damage.
You closely miss Edmund.
Edmund is severely wounded.
Edmund hits you with a +2 flail of protection!
* * * LOW HITPOINT WARNING * * *
You closely miss Edmund.
Edmund is severely wounded.
Edmund asks, "Have you met my wondrous brother?"
Edmund barely misses you.
You hit Edmund but do no damage.
Edmund is severely wounded.
Edmund hits you with a +2 flail of protection!
* * * LOW HITPOINT WARNING * * *
Casting: Freeze (safe; 2% risk of failure)
Confirm with . or Enter, or press ? or * to list all spells.
Aiming: Freeze (safe; 2% risk of failure)
Press: ? - help, Shift-Dir - straight line, f/p - Edmund
Aim: Edmund, wielding a +2 flail of protection and wearing a +4 scale mail of poison resistance (severely wounded)
You freeze Edmund.
Edmund is almost dead.
Edmund hits you with a +2 flail of protection!
You die...

........# ........#
.>......# ..#######
#.......# ..# ###.......##
..##### #(.........#
......# #..........#
..###.# #..........# ...
#.# #......@...# ..# #.#
#.....@############# ..#
#.# #......#...#...#...#
### #.#
#......#.⌠.#.⌠...⌠.# #.#
#......#...#...#...# #.#
#......##.###.###### #.#
#......#...#...#...# #.#
#........⌠...>...⌠.#
#.#####......#...#...#...#
#...........###.###.######


You could see Edmund.

Vanquished Creatures
  2 hounds (D:4)
  A hound skeleton (D:4)
  An adder (D:4)
  2 bats (D:1)
  An endoplasm (D:1)
  2 giant cockroaches (D:1)
  5 goblins
  2 jackals (D:1)
  2 quokkas (D:1)
  2 ball pythons (D:1)
  2 frilled lizards (D:1)
  A kobold (D:1)
  2 rats (D:1)
25 creatures vanquished.

Notes
Turn   | Place    | Note
-------+----------+-------------------------------------------
     0 | D:1      | AarnesTheHuman the Merfolk Ice Elementalist began the quest
                  | for the Orb.
     0 | D:1      | Reached XP level 1. HP: 13/13 MP: 3/3
    76 | D:1      | Found Weniasytosm's Magic Scroll Shoppe.
   185 | D:1      | Reached XP level 2. HP: 9/20 MP: 1/5
   722 | D:1      | Found a faded altar of an unknown god.
   934 | D:1      | Found Koijixto's Armour Shoppe.
  1062 | D:1      | Found Ugingoe's Antique Armour Shop.
  1121 | D:1      | Found Zes Vub's Assorted Antiques.
  1139 | D:1      | Reached skill level 1 in Fighting
  1464 | D:2      | You fall into a shaft and drop 2 floors!
  1474 | D:4      | Reached skill level 5 in Ice Magic
  1474 | D:4      | Reached XP level 3. HP: 25/26 MP: 1/6
  1502 | D:4      | Reached XP level 4. HP: 5/32 MP: 0/7
  1908 | D:4      | Found a staircase to the Ecumenical Temple.
  1939 | Temple   | Entered the Ecumenical Temple
  2280 | Temple   | Became a worshipper of the Wu Jian Council
  2342 | D:4      | Noticed Edmund
  2353 | D:4      | HP: 1/33 [Edmund (7)]
  2354 | D:4      | Mangled by Edmund

Illustrated notes

Levels and vault maps discovered:
D:1:      wander_arrival_peaceful_grave, layout_loops_corners,
          shapermc_ecumenical_altar_acropolis, serial_shops,
          nicolae_shop_statue_plus, shop_coins, nicolae_shop_waterfront, shop
D:2:      layout_loops_ring, item_on_display_a, uniq_jessica, uniq_robin
D:4:      layout_basic, general_overflow_altar, minmay_temple_entry_nine_rooms,
          serial_shops, nicolae_take_the_stairs, gup_sewer_entry_spiral,
          minmay_misc_feat_x, uniq_edmund
Temple:   oiseaux_autumnal_temple

Skill      XL: |  1  2 |
---------------+-------+-----
Dodging        | 3 |  3.7
Fighting       | 1 |  1.8
Ice Magic      | 5 |  5.4
Stealth        | |  2.1
Spellcasting   | |  2.6

Action                   |  1- 3 |  4- 6 || total
-------------------------+-------+-------++-------
Melee: Short sword       |    10 |       ||    10
       Dagger            |    26 |    17 ||    43
 Cast: Freeze            |    28 |    18 ||    46
 Stab: Sleeping          |     6 |       ||     6
Armor: Robe              |    17 |     3 ||    20
Dodge: Dodged            |    35 |    23 ||    58
